 Dungeon Crawl Stone Soup version 0.30-a0-373-gd37427bb62 (webtiles) character file.

Game seed: 13513999612101113982

3168 KennySheep the Chucker (level 9, -1/93 HPs)
             Began as an Ogre Warper on Nov 23, 2022.
             Was a Priest of Okawaru.
             Slain by a hornet (4 damage)
             ... while paralysed by a hornet
             ... on level 10 of the Dungeon.
             The game lasted 00:29:54 (11307 turns).

KennySheep the Chucker (Ogre Warper)               Turns: 11307, Time: 00:29:54

Health: -1/93      AC:  7    Str: 21    XL:     9   Next: 94%
Magic:  18/18      EV:  1    Int: 14    God:    Okawaru [***...]
Gold:   710        SH:  0    Dex: 14    Spells: 11/20 levels left

rFire   . . .      SeeInvis .    a - +0 hand axe
rCold   . . .      Faith    .    (no shield)
rNeg    . . .      Spirit   .    q - +0 acid dragon scales
rPois   .          Reflect  .    (helmet restricted)
rElec   .          Harm     .    (no cloak)
rCorr   +          Rampage  .    (gloves unavailable)
Will    .....                    (boots unavailable)
Stlth   +.........               (no amulet)
HPRegen 0.35/turn                i - +6 ring of dexterity
MPRegen 0.16/turn                (no ring)

@: paralysed, lethally poisoned (-1 -> -12), slowed
A: large, unfitting armour, tough skin 1
a: Renounce Religion, Heroism


You were on level 10 of the Dungeon.
You worshipped Okawaru.
Okawaru was most pleased with you.
You visited 1 branch of the dungeon, and saw 10 of its levels.

You collected 1416 gold pieces.
You spent 706 gold pieces at shops.

Inventory:

Hand Weapons
 a - a +0 hand axe (weapon)
 g - a +0 war axe
Missiles
 k - 9 stones (quivered)
Armour
 b - a +0 robe
 q - +0 acid dragon scales (worn)
Jewellery
 i - a +6 ring of dexterity (left hand)
 s - a ring of poison resistance
 u - an amulet of faith
 z - an amulet of magic regeneration
Wands
 d - a wand of paralysis (4)
Scrolls
 c - 2 scrolls of blinking
 e - 5 scrolls of teleportation
 f - a scroll of fear
 h - a scroll of enchant weapon
 j - 2 scrolls of vulnerability
 l - a scroll of noise
 m - 4 scrolls of amnesia
 n - a scroll of poison
 o - 2 scrolls of butterflies
 x - a scroll of identify
 y - a scroll of torment
Potions
 p - 4 potions of curing
 v - a potion of might
 A - a potion of haste


   Skills:
 + Level 7.6 Fighting
 + Level 5.7 Axes
 * Level 7.6 Throwing
 + Level 3.6 Armour
 - Level 2.1 Dodging
 + Level 6.3 Spellcasting
 - Level 2.6 Translocations
 + Level 4.3 Invocations


You had 11 spell levels left.
You knew the following spells:

 Your Spells              Type           Power      Damage    Failure   Level
a - Blink                 Tloc           22%        N/A       10%         2
b - Vhi's Electric Charg  Tloc/Air       16%        N/A       32%         3
c - Manifold Assault      Tloc           11%        N/A       54%         4

Your spell library contained the following spells:

 Spells                   Type           Power      Damage    Failure   Level
 Lesser Beckoning         Tloc           22%        N/A       19%         3
 Teleport Other           Tloc           11%        N/A       19%         3
 Magic Dart               Conj           16%        1d3       21%         1
 Ignite Poison            Fire/Tmut/Pois 4%         N/A       52%         3
 Mephitic Cloud           Conj/Pois/Air  4%         N/A       52%         3
 Anguish                  Hex/Necr       2%         N/A       89%         4
 Sticky Flame             Conj/Fire      4%         2d3       89%         4
 Enfeeble                 Hex            2%         N/A       100%        7
 Storm Form               Tmut/Air       2%         N/A       100%        7
 Ignition                 Fire           2%         3d3       100%        8
 Call Imp                 Summ           Unusable   N/A       N/A         2

Dungeon Overview and Level Annotations

Branches:
Dungeon (10/15)            Temple (0/1) D:6            Lair (0/5) D:9
    Orc: D:9-12

Altars:
Cheibriados
Dithmenos
Elyvilon
Fedhas
Gozag
Hepliaklqana
Kikubaaqudgha
Makhleb
Nemelex Xobeh
Okawaru
Vehumet
Wu Jian
Yredelemnul

Shops:
D:2 ?   D:4 [

Annotations:
D:9 Pikel


Innate Abilities, Weirdness & Mutations

You are too large for most types of armour.
You have tough skin. (AC +1)


Message History

You are poisoned.
You suddenly lose the ability to move!
The hornet stings you!
You feel as though you will be slow longer.
You feel sick.
The hornet stings you but does no damage.
The hornet stings you!
You are more poisoned.
You feel as though you will be slow longer.
You feel very sick. The hornet stings you.
You feel as though you will be slow longer.
You can move again.
Unknown command.
Aiming: Paralyse
Press: ? - help, Shift-Dir - straight line, f/p - hornet
Aim: a hornet (lightly wounded, chance to affect: 39%)
The hornet resists with some effort.
You feel very sick.
The hornet stings you but does no damage.
The hornet completely misses you.
The hornet stings you but does no damage.
Aiming: Paralyse
Press: ? - help, Shift-Dir - straight line, f/p - hornet
Aim: a hornet (lightly wounded, chance to affect: 39%)
The hornet resists with some effort.
You feel very sick. The hornet completely misses you. The hornet stings you.
* * * LOW HITPOINT WARNING * * *
You are more poisoned.
You shrug off the repeated paralysis!
Aiming: Paralyse
Press: ? - help, Shift-Dir - straight line, f/p - hornet
Aim: a hornet (lightly wounded, chance to affect: 39%)
The hornet resists with some effort.
* * * LOW HITPOINT WARNING * * *
You feel very sick. The hornet stings you!
* * * LOW HITPOINT WARNING * * *
You suddenly lose the ability to move!
The hornet stings you.
You die...

#. #.
#.#######
#.......#
#.......#
####.......#
#......y...#
#......@=..#
#..........#
#.$........#
#..........#
#......#####
#######


You could see a hornet.

Vanquished Creatures
  A hornet (D:8)
  Prince Ribbit (D:7)
  2 wyverns
  A yak (D:8)
  An acid dragon (D:8)
  An orc warrior (D:7)
  4 sky beasts
  A black bear (D:7)
  An ice beast (D:7)
  2 wolves (D:9)
  2 ogres
  2 bullfrogs
  A necrophage (D:2)
  A gnoll sergeant (D:6)
  3 scorpions
  A wight (D:8)
  An electric eel (D:8)
  2 centaur zombies (D:8)
  3 hounds
  A human zombie (D:8)
  An orc priest (D:4)
  2 jellies
  An orc wizard (D:5)
  3 iguanas
  A killer bee zombie (D:8)
  A mummy (D:8)
  7 adders
  11 gnolls
  2 howler monkey zombies (D:8)
  2 white imps
  An ufetubus (D:6)
  3 worms
  3 dart slugs
  19 orcs
  3 ball pythons
  4 endoplasms
  3 giant cockroaches (D:1)
  6 hobgoblins
  6 jackals
  3 kobolds
  A quokka (D:6)
  3 bats
  3 frilled lizards (D:2)
  2 goblins
  5 rats
128 creatures vanquished.

Vanquished Creatures (others)
  A withered plant (D:3)
1 creature vanquished.

Grand Total: 129 creatures vanquished

Notes
Turn   | Place    | Note
-------+----------+-------------------------------------------
     0 | D:1      | KennySheep the Ogre Warper began the quest for the Orb.
     0 | D:1      | Reached XP level 1. HP: 22/22 MP: 3/3
     1 | D:1      | Noticed an electric eel
   138 | D:1      | Reached XP level 2. HP: 27/29 MP: 5/5
   541 | D:1      | Reached XP level 3. HP: 34/37 MP: 7/7
  1005 | D:2      | Reached XP level 4. HP: 27/45 MP: 8/8
  1115 | D:2      | Found a blossoming altar of Fedhas.
  1213 | D:2      | Noticed a necrophage
  1334 | D:2      | Killed a necrophage
  1335 | D:2      | Reached XP level 5. HP: 41/54 MP: 8/10
  1484 | D:2      | Found Doheplin's Magic Scroll Shop.
  1487 | D:2      | Bought a scroll of identify for 26 gold pieces
  1487 | D:2      | Bought a scroll of teleportation for 39 gold pieces
  1487 | D:2      | Bought a scroll of butterflies for 52 gold pieces
  1488 | D:2      | Identified a scroll of acquirement
  1489 | D:2      | Acquired 940 gold pieces
  1491 | D:2      | Bought a scroll of enchant weapon for 97 gold pieces
  1491 | D:2      | Bought a scroll of noise for 13 gold pieces
  1491 | D:2      | Bought a scroll of teleportation for 39 gold pieces
  1665 | D:3      | Found an opulent altar of Gozag.
  1807 | D:3      | Learned a level 2 spell: Blink
  1908 | D:3      | Found a sparkling altar of Nemelex Xobeh.
  2190 | D:3      | Found an ancient bone altar of Kikubaaqudgha.
  2519 | D:3      | Found an ornate altar of the Wu Jian Council.
  3169 | D:4      | Reached XP level 6. HP: 59/63 MP: 11/11
  3247 | D:4      | Found a snail-covered altar of Cheibriados.
  3393 | D:4      | Found Bust's Armour Shop.
  3401 | D:4      | Bought +0 acid dragon scales for 440 gold pieces
  3545 | D:4      | Found a hazy altar of Hepliaklqana.
  3690 | D:5      | Entered Level 5 of the Dungeon
  3997 | D:5      | Learned a level 3 spell: Vhi's Electric Charge
  4002 | D:5      | Learned a level 4 spell: Manifold Assault
  4074 | D:5      | Reached XP level 7. HP: 62/71 MP: 13/13
  4185 | D:5      | Reached skill level 5 in Fighting
  4185 | D:5      | Reached skill level 1 in Armour
  4368 | D:5      | Found an iron altar of Okawaru.
  4382 | D:5      | Became a worshipper of Warmaster Okawaru
  4910 | D:6      | Found a staircase to the Ecumenical Temple.
  5122 | D:6      | Found a white marble altar of Elyvilon.
  5605 | D:7      | Reached skill level 5 in Throwing
  5605 | D:7      | Reached skill level 1 in Invocations
  5658 | D:7      | Noticed Prince Ribbit
  5679 | D:7      | Killed Prince Ribbit
  5679 | D:7      | Reached * piety under Okawaru
  5680 | D:7      | Reached XP level 8. HP: 59/83 MP: 13/15
  5876 | D:7      | Reached skill level 5 in Spellcasting
  7010 | D:7      | Noticed a wyvern
  7888 | D:7      | Killed a wyvern
  7889 | D:7      | Reached XP level 9. HP: 87/92 MP: 17/17
  7975 | D:7      | Reached ** piety under Okawaru
  8135 | D:7      | Found a burning altar of Makhleb.
  8198 | D:7      | Reached skill level 5 in Axes
  9387 | D:8      | Found a shadowy altar of Dithmenos.
  9474 | D:8      | Found a blossoming altar of Fedhas.
  9577 | D:8      | Found a radiant altar of Vehumet.
 10038 | D:8      | Noticed a hornet
 10051 | D:8      | Killed a hornet
 10317 | D:8      | Found a basalt altar of Yredelemnul.
 11117 | D:9      | Found a staircase to the Lair.
 11144 | D:9      | Reached *** piety under Okawaru
 11147 | D:9      | Noticed Pikel
 11168 | D:10     | Entered Level 10 of the Dungeon
 11293 | D:10     | Noticed a hornet
 11302 | D:10     | Paralysed by a hornet for 3 turns
 11307 | D:10     | HP: 3/93 [hornet (13)]
 11307 | D:10     | Paralysed by a hornet for 3 turns
 11307 | D:10     | Slain by a hornet

Illustrated notes

Levels and vault maps discovered:
D:1:      arrival_aquarium_a, layout_rooms, chequers_big_river,
          minmay_door_square, st_stairs_8
D:2:      layout_rooms, basic_altar, serial_shops, nicolae_shop_behind_doors
D:3:      layout_rooms, mainiacjoe_overflow_24_doors,
          nicolae_wu_jian_glorious_leap, kiku_gazebo_garden_becter,
          mainiacjoe_overflow_catwalk, minmay_statues_item
D:4:      layout_rooms, lemuel_round_altar, kennysheep_slug_shrine,
          serial_shops, shop_statue
D:5:      layout_loops_ring, nicolae_overflow_crystal_walls, hex_large
D:6:      layout_basic, elyvilon_altar_4, minmay_temple_entry_stoned_glass
D:7:      kennysheep_spiral_hall, layout_layer_cave,
          mainiacjoe_overflow_boulevard, uniq_prince_ribbit1
D:8:      layout_loops_corners, fiery_altar_vehumet, fedhas_altar_fruit_tree,
          lemuel_coloured_pillars_altar, lemuel_mausoleum_altar_yredelemnul,
          enter_bailey_7, nicolae_water_bricks
D:9:      layout_cave_pools, mainiacjoe_overflow_brackets,
          mainiacjoe_overflow_catch_the_wave, erik_lair_island,
          minmay_shop_damaged, uniq_maurice, uniq_pikel, uniq_erolcha,
          uniq_amaemon
D:10:     old_forge, layout_basic, david_orc_3, serial_ice, serial_ice_c,
          serial_ice_a, serial_ice_j, serial_ice_m, small_statue_intersection

Skill      XL: |  1  2  3  4  5  6  7  8  9 |
---------------+----------------------------+-----
Fighting       | 3 4 5 6 7 |  7.6
Throwing       | 2 3 4 5 6 7 |  7.6
Spellcasting   | 3 4 5 6 |  6.3
Axes           | 3 4 5 |  5.7
Armour         | 1 2 3 |  3.6
Invocations    | 1 3 4 |  4.3
Dodging        | |  2.1
Translocations | |  2.6

Action                   |  1- 3 |  4- 6 |  7- 9 || total
-------------------------+-------+-------+-------++-------
Melee: Hand axe          |   107 |   183 |   407 ||   697
       Punch             |       |     2 |     8 ||    10
Throw: Stone             |       |    11 |    52 ||    63
       Boomerang         |       |    26 |    54 ||    80
       Dart              |       |       |    33 ||    33
       Throwing net      |       |       |     1 ||     1
 Cast: Blink             |       |     2 |    13 ||    15
Invok: Heroism           |       |       |     2 ||     2
Evoke: Wand              |       |       |    12 ||    12
  Use: Potion            |       |     7 |     4 ||    11
       Scroll            |       |     4 |     4 ||     8
 Stab: Paralysed         |       |       |    32 ||    32
Armor: Robe              |    45 |    30 |       ||    75
       Acid dragon scale |       |    21 |   163 ||   184
Dodge: Dodged            |    58 |    63 |   200 ||   321

Table legend: (Time is in decaauts)
 A = Elapsed time spent in this place.
 B = Non-inter-level travel time spent in this place.
 C = Inter-level travel time spent in this place.
 D = Time resting spent in this place.
 E = Time spent auto-exploring this place.
 F = Levels seen in this place.
 G = Mean time per level.
                   A        B        C        D        E       F      G
               +--------+--------+--------+--------+--------+-----+--------+
         Total |  11353 |  10583 |    770 |   2889 |   5538 |  10 | 1135.3 |
       Dungeon |  11353 |  10583 |    770 |   2889 |   5538 |  10 | 1135.3 |
               +--------+--------+--------+--------+--------+-----+--------+

Top non-repeatable levels by time:
     D:7: 2240 daAuts
     D:6: 1946 daAuts
     D:8: 1863 daAuts
     D:3: 1312 daAuts
     D:5: 1259 daAuts
     D:1: 967 daAuts
     D:4: 922 daAuts
     D:2: 639 daAuts
    D:10: 139 daAuts
     D:9: 64 daAuts
